 Dungeon Crawl Stone Soup version 0.25-a0-834-g55863b0b92 (webtiles) character file.

Game seed: 11437218994291889018, levelgen mode: deterministic

50 Forecaster the Magician (level 3, -2/30 HPs)
             Began as a Naga Wizard on Apr 22, 2020.
             Slain by a gnoll (3 damage)
             ... on level 2 of the Dungeon.
             The game lasted 00:06:57 (1329 turns).

Forecaster the Magician (Naga Wizard)               Turns: 1329, Time: 00:06:57

Health: -2/30      AC:  5    Str: 10    XL:     3   Next: 79%
Magic:  3/8        EV: 10    Int: 18    God:
Gold:   66         SH:  0    Dex:  9    Spells: 4/9 levels left

rFire    . . .     SeeInvis +   i - +0 short sword
rCold    . . .     Gourm    .   (no shield)
rNeg     . . .     Faith    .   k - +0 robe
rPois    +         Spirit   .   b - +0 hat
rElec    .         Reflect  .   (no cloak)
rCorr    .         Harm     .   (no gloves)
MR       .....                  (no barding)
Stlth    ++........             (no amulet)
HPRegen  0.10/turn              e - +3 ring of protection
MPRegen  0.11/turn              (no ring)

@: very slow
A: large, see invisible, deformed body, poison resistance, slowness 2, slow
metabolism 1, spit poison 1, AC +1
a: Spit Poison


You were on level 2 of the Dungeon.
You were hungry.

You visited 1 branch of the dungeon, and saw 2 of its levels.

You collected 66 gold pieces.

Inventory:

Hand Weapons
 i - a +0 short sword (weapon)
Armour
 a - a +0 robe
 b - a +0 hat (worn)
 k - a +0 robe (worn)
Jewellery
 e - a +3 ring of protection (left hand)
Scrolls
 c - a scroll of fear {unknown}
 g - 2 scrolls of fog {unknown}
 h - 7 scrolls of identify {unknown}
Potions
 j - 2 potions of curing {unknown}
Comestibles
 d - 2 rations
 f - 2 chunks of flesh


   Skills:
 + Level 0.7 Fighting
 + Level 0.9 Short Blades
 + Level 1.7 Dodging
 + Level 3.4 Stealth
 + Level 3.7 Spellcasting
 + Level 1.4 Conjurations
 + Level 1.0 Summonings
 + Level 1.0 Translocations


You had 4 spell levels left.
You knew the following spells:

 Your Spells              Type           Power        Failure   Level  Hunger
a - Magic Dart            Conj           #...         9%          1    None
b - Call Imp              Summ           #.......     16%         2    ##.....
c - Blink                 Tloc           N/A          16%         2    ##.....

Your spell library contained the following spells:

 Spells                   Type           Power        Failure   Level  Hunger
 Slow                     Hex            #.......     22%         2    ##.....
 Conjure Flame            Conj/Fire      #.......     32%         3    ###....
 Mephitic Cloud           Conj/Pois/Air  #.......     36%         3    ###....


Dungeon Overview and Level Annotations

Branches:
Dungeon (2/15)

Altars:


Innate Abilities, Weirdness & Mutations

You cannot wear boots.
Your serpentine skin is tough. (AC +1)
You have supernaturally acute eyesight. (SInv)
Armour fits poorly on your strangely shaped body.
Your system is resistant to poisons. (rPois)
You cover ground very slowly.
You have a slow metabolism.
You can spit poison.


Message History

You hit the gnoll.
The gnoll is moderately wounded.
The gnoll hits you from afar with a +0 spear.
The gnoll barely misses you.
Your crimson imp hits the gnoll but does no damage.
You hit the gnoll.
The gnoll is moderately wounded.
The gnoll hits you from afar with a +0 spear!
* * * LOW HITPOINT WARNING * * *
Your crimson imp blinks!
The gnoll barely misses you.
You closely miss the gnoll.
The gnoll is moderately wounded.
The gnoll hits you but does no damage. x2
The gnoll hits you from afar with a +0 spear!
* * * LOW HITPOINT WARNING * * *
You can't go down here!
Unknown command.
Your crimson imp hits the gnoll.
The gnoll hits you.
You die...

+# (# .#
########.##
#.....#...##
#...5gg....#
#@..#
##(......
.###### .#
.# .# .# .#


You could see 2 gnolls and a friendly crimson imp.

Vanquished Creatures
  A gnoll (D:2)
  An ooze (D:1)
  4 leopard geckos (D:1)
  3 giant cockroaches (D:1)
  2 goblins (D:1)
  6 hobgoblins (D:1)
  2 jackals (D:1)
  4 kobolds (D:1)
  4 bats (D:1)
  2 frilled lizards (D:1)
  6 rats (D:1)
35 creatures vanquished.

Vanquished Creatures (others)
  4 toadstools (D:1)
4 creatures vanquished.

Grand Total: 39 creatures vanquished

Notes
Turn   | Place    | Note
-------+----------+-------------------------------------------
     0 | D:1      | Forecaster the Naga Wizard began the quest for the Orb.
     0 | D:1      | Reached XP level 1. HP: 15/15 MP: 4/4
   224 | D:1      | Reached XP level 2. HP: 12/24 MP: 0/6
   228 | D:1      | Learned a level 2 spell: Call Imp
   235 | D:1      | Learned a level 2 spell: Blink
   359 | D:1      | HP: 1/24 [hobgoblin/+0 club (3)]
   361 | D:1      | Reached XP level 3. HP: 1/30 MP: 4/8
  1328 | D:2      | HP: 1/30 [gnoll/+0 spear (9)]
  1329 | D:2      | Slain by a gnoll

Levels and vault maps discovered:
D:1:      ldierk_walled_garden_2, layout_basic, st_stairs_13,
          minmay_heptomino_h4
D:2:      layout_loops_corners, first_ration, uniq_sigmund,
          uniq_crazy_yiuf_cottage, uniq_jessica

Action                   || total
-------------------------++-------
Melee: Short sword       ||    60
       Unarmed           ||     2
 Cast: Magic Dart        ||    54
       Call Imp          ||     3
  Use: Potion            ||     1
 Stab: Sleeping          ||     2
Armor: Robe              ||    22
Dodge: Dodged            ||    43

Table legend:
 A = Non-vault XP
 B = Vault XP
 C = Vault XP percentage of total XP
 D = Non-vault monster count
 E = Vault monster count
 F = Vault count percentage of total count
                 A         B        C        D         E       F
            +---------+---------+-------+---------+---------+-------
      Total |      65 |       7 |   9.7 |      30 |       5 |  14.3
            +---------+---------+-------+---------+---------+-------
        D:1 |      56 |       7 |  11.1 |      29 |       5 |  14.7
        D:2 |       9 |       0 |   0.0 |       1 |       0 |   0.0
            +---------+---------+-------+---------+---------+-------
